 Dungeon Crawl Stone Soup version 0.25.0-1-g7eea58d2a3 (webtiles) character file.

Game seed: 16098047433105067940

6790 HoaS the Grappler (level 10, -2/91 HPs)
             Began as a Centaur Gladiator on June 13, 2020.
             Was a Priest of Okawaru.
             Killed by divine providence
             ... invoked by an orc priest
              (11 damage)
             ... on level 10 of the Dungeon.
             The game lasted 00:40:07 (11751 turns).

HoaS the Grappler (Centaur Gladiator)              Turns: 11751, Time: 00:40:08

Health: -2/91      AC:  9    Str: 20    XL:     10   Next: 76%
Magic:  13/13      EV:  9    Int:  7    God:    Okawaru [***...]
Gold:   595        SH:  0    Dex: 11    Spells: 9/9 levels left

rFire    . . .     SeeInvis .     - Unarmed
rCold    + . .     Gourm    .   (no shield)
rNeg     . . .     Faith    .   o - +1 ring mail {MR+}
rPois    .         Spirit   .   C - +2 hat
rElec    .         Reflect  .   s - +0 cloak
rCorr    .         Harm     .   (no gloves)
MR       +....                  (no barding)
Stlth    ..........             (no amulet)
HPRegen  0.25/turn              c - ring of protection from cold
MPRegen  0.13/turn              (no ring)

@: studying Unarmed Combat, very quick
A: large, hooves 3, deformed body, speed 2, tough skin 3
a: Heroism, Renounce Religion


You were on level 10 of the Dungeon.
You worshipped Okawaru.
Okawaru was most pleased with you.
You were not hungry.

You visited 2 branches of the dungeon, and saw 11 of its levels.
You also visited: Ossuary.

You collected 595 gold pieces.

Inventory:

Hand Weapons
 w - a +1 shortbow
Missiles
 l - 239 arrows (quivered)
Armour
 o - a +1 ring mail of magic resistance (worn)
 s - a +0 cloak (worn)
 x - a +0 plate armour
 C - a +2 hat (worn)
Jewellery
 c - a ring of protection from cold (left hand)
 u - an uncursed amulet of magic regeneration
Wands
 e - a wand of acid (5)
 h - a wand of iceblast (29)
 y - a wand of random effects (16)
 A - a wand of clouds (6)
Scrolls
 n - 6 scrolls of remove curse
 q - 6 scrolls of teleportation
 B - a scroll of fog
Potions
 a - a potion of cancellation
 f - 4 potions of curing
 g - 2 potions of haste
 i - 3 potions of might
 j - 2 potions of mutation
 m - a potion of magic {unknown}
 p - a potion of ambrosia {unknown}
 r - 3 potions of resistance
 t - 3 potions of heal wounds
 z - a potion of invisibility
Books
 v - a manual of Unarmed Combat
Comestibles
 b - 5 chunks of flesh
 d - 16 rations


   Skills:
 + Level 9.6 Fighting
 * Level 6.0 Bows
 - Level 2.1 Throwing
 - Level 2.1 Dodging
 + Level 12.4 Unarmed Combat
 + Level 5.1 Invocations


You had 9 spell levels left.
You didn't know any spells.
Your spell library was empty.

Dungeon Overview and Level Annotations

Branches:
Dungeon (10/15)            Temple (1/1) D:6             Orc (0/2) D:9
Ossuary (visited)
   Lair: D:8-11

Altars:
Ashenzari
Cheibriados
Dithmenos
Elyvilon
Fedhas
Gozag
Hepliaklqana
Kikubaaqudgha
Makhleb
Nemelex Xobeh
Okawaru
Qazlal
Ru
Sif Muna
Trog
Uskayaw
Vehumet
Wu Jian
Xom
Yredelemnul
Zin
The Shining One

Shops:
D:6 !


Innate Abilities, Weirdness & Mutations

You have hooves in place of feet.
Armour fits poorly on your strangely shaped body.
You cover ground very quickly.
You have extremely tough skin. (AC +3)


Message History

The orc barely misses you.
You closely miss the warg.
The warg is almost dead.
The orc priest shouts!
The warg bites you!
You closely miss the warg. You kick the warg, but do no damage.
The warg is almost dead.
The warg bites you!
* * * LOW HITPOINT WARNING * * *
The orc barely misses you.
The orc warrior hits you but does no damage.
The orc wizard hits you but does no damage.
The warg bites you!
* * * LOW HITPOINT WARNING * * *
You see here an arrow.
The orc wizard casts a spell.
The orc wizard blinks!
The orc priest mumbles some strange prayers to Beogh against you.
Beogh smites you!
You die...

.....#....#..>........#
.....#....#...........# .
.....#....#.........o. ..
##...#))..#..........# ...
.....#)...#..........#?.P.
.....#)...#............o(.
.....#....#.......§o......
.....#....#......ho..#
.....#....#.....@#...#
.....#....#......#...#
.....#....#......#...#
.....#....#......#...(#
.....######......#....#
.....#....#......#.....
.....#....#......#......
.....#....#......#
.....#...........#


You could see a warg, an orc warrior, an orc priest, an orc wizard and an orc.

Vanquished Creatures
  A two-headed ogre (D:7)
  A cyclops (D:8)
  Grinder (D:6)
  A hippogriff (D:9)
  Prince Ribbit (D:6)
  A wyvern (D:6)
  A human (D:9)
  3 yaks (D:10)
  Menkaure (D:5)
  2 wargs
  A black bear (D:4)
  An orc warrior (D:5)
  A sky beast (D:10)
  2 ice beasts (D:8)
  2 phantoms
  2 centaurs
  5 ogres
  2 elf zombies (Ossuary)
  5 bullfrogs
  Blork the orc (D:5)
  2 wyvern skeletons
  5 scorpions
  3 crimson imps
  9 centaur zombies
  2 jellies
  3 hounds
  13 orc priests
  Crazy Yiuf (D:6)
  A centaur skeleton (D:6)
  A gnoll shaman (D:7)
  2 human zombies (Ossuary)
  11 orc wizards
  Ijyb (D:2)
  Terence (D:2)
  4 iguanas
  3 worker ants
  3 mummies (Ossuary)
  A worker ant zombie (D:5)
  15 adders
  5 gnolls
  A howler monkey skeleton (D:4)
  3 shadow imps
  2 oozes
  An adder zombie (D:7)
  3 adder skeletons (D:7)
  5 worms
  A dart slug (D:4)
  4 leopard geckos
  48 orcs
  4 ball pythons
  6 giant cockroaches
  13 goblins
  8 hobgoblins
  10 jackals
  8 quokkas
  9 bats
  4 frilled lizards
  A jackal skeleton (D:4)
  6 kobolds
  A quokka zombie (D:6)
  7 rats
  2 fungi (D:6)
268 creatures vanquished.

Notes
Turn   | Place    | Note
-------+----------+-------------------------------------------
     0 | D:1      | HoaS the Centaur Gladiator began the quest for the Orb.
     0 | D:1      | Reached XP level 1. HP: 17/17 MP: 1/1
   230 | D:1      | Reached XP level 2. HP: 15/24 MP: 2/2
   472 | D:1      | HP: 1/24 [gnoll (7)]
   816 | D:1      | HP: 1/25 [gnoll/+0 halberd (11)]
   818 | D:1      | Reached XP level 3. HP: 2/30 MP: 3/3
  1245 | D:1      | Reached skill level 4 in Unarmed Combat
  1963 | D:2      | Noticed Terence
  1989 | D:2      | Killed Terence
  1989 | D:2      | Reached XP level 4. HP: 30/38 MP: 4/4
  2654 | D:3      | Noticed Ijyb
  2683 | D:2      | Reached skill level 5 in Unarmed Combat
  2820 | D:2      | Killed Ijyb
  2820 | D:2      | Reached XP level 5. HP: 37/45 MP: 5/5
  3352 | D:3      | Reached XP level 6. HP: 52/52 MP: 6/6
  3386 | D:3      | Reached skill level 6 in Unarmed Combat
  4257 | D:4      | Reached XP level 7. HP: 52/60 MP: 7/7
  4362 | D:4      | Reached skill level 7 in Unarmed Combat
  4635 | D:5      | Entered Level 5 of the Dungeon
  4660 | D:5      | Found a sand-covered staircase.
  4665 | Ossuary  | Entered an ossuary
  4690 | Ossuary  | Reached skill level 5 in Fighting
  4893 | Ossuary  | Reached skill level 8 in Unarmed Combat
  5054 | Ossuary  | Reached XP level 8. HP: 64/69 MP: 8/8
  5519 | D:5      | Noticed Blork the orc
  5527 | D:5      | Killed Blork the orc
  5537 | D:5      | Noticed Menkaure
  5545 | D:5      | Killed Menkaure
  5545 | D:5      | Reached skill level 9 in Unarmed Combat
  6735 | D:6      | Reached skill level 10 in Unarmed Combat
  6807 | D:6      | Reached XP level 9. HP: 61/79 MP: 9/9
  6886 | D:6      | Found Wiwoku's Distillery.
  6921 | D:6      | Found a shattered altar of Ashenzari.
  7073 | D:6      | Found a burning altar of Makhleb.
  7083 | D:6      | Noticed Prince Ribbit
  7095 | D:6      | Killed Prince Ribbit
  7244 | D:6      | Found an ornate altar of the Wu Jian Council.
  7313 | D:6      | Found a staircase to the Ecumenical Temple.
  7321 | Temple   | Entered the Ecumenical Temple
  7356 | Temple   | Became a worshipper of Warmaster Okawaru
  7684 | D:6      | Found a shimmering blue altar of Sif Muna.
  7715 | D:6      | Found a blossoming altar of Fedhas.
  7768 | D:6      | Reached skill level 1 in Invocations
  7851 | D:6      | Found an ancient bone altar of Kikubaaqudgha.
  7859 | D:6      | Noticed Grinder
  7860 | D:6      | Found a stormy altar of Qazlal.
  7869 | D:6      | Killed Grinder
  8175 | D:6      | Found a runed translucent door.
  8176 | D:6      | Noticed Crazy Yiuf
  8182 | D:6      | Killed Crazy Yiuf
  8229 | D:7      | Noticed a two-headed ogre
  8236 | D:7      | Killed a two-headed ogre
  8236 | D:7      | Reached * piety under Okawaru
  8236 | D:7      | Reached skill level 11 in Unarmed Combat
  8298 | D:7      | You fall into a shaft and drop 2 floors!
  8426 | D:9      | Reached XP level 10. HP: 42/90 MP: 12/12
  8730 | D:9      | Reached ** piety under Okawaru
  8824 | D:9      | Found a staircase to the Orcish Mines.
  9164 | D:7      | Reached skill level 1 in Bows
  9397 | D:7      | Found a hazy altar of Hepliaklqana.
  9398 | D:7      | Found an opulent altar of Gozag.
  9398 | D:7      | Found a snail-covered altar of Cheibriados.
 10036 | D:8      | Found a sparkling altar of Nemelex Xobeh.
 10081 | D:8      | Noticed a cyclops
 10517 | D:8      | Killed a cyclops
 10517 | D:8      | Reached *** piety under Okawaru
 10517 | D:8      | Reached skill level 12 in Unarmed Combat
 10708 | D:8      | Found a glowing silver altar of Zin.
 11061 | D:9      | Reached skill level 5 in Bows
 11174 | D:9      | Found a glowing golden altar of the Shining One.
 11303 | D:10     | Entered Level 10 of the Dungeon
 11683 | D:10     | Reached skill level 5 in Invocations
 11751 | D:10     | Killed from afar by an orc priest

Illustrated notes

Levels and vault maps discovered:
D:1:      heliophobic_arrival_battle_scene, layout_basic,
          chequers_serial_rivers_micro_a
D:2:      layout_basic, minivault_23, uniq_terence
D:3:      layout_rooms, minmay_ogre_servants, uniq_ijyb
D:4:      layout_basic, first_ration, hex_medium
D:5:      layout_basic, nicolae_ossuary_entry_ruins, uniq_menkaure,
          uniq_blork_the_orc
D:6:      layout_cave_pools, gammafunk_temple_overflow_forgotten,
          lemuel_doored_altar, kennysheep_mini, lemuel_round_altar,
          cheibrodos_ashenzari_chains, minmay_temple_entry_fiery, serial_shops,
          nicolae_shop_stone, small_statue_alley_b, grunt_decor_clamped,
          grunt_ministairs_8, kennysheep_generic_room_3,
          uniq_crazy_yiuf_cottage, uniq_prince_ribbit1, uniq_grinder
D:7:      layout_rooms, chequers_temple_overflow_statue_of_worship
D:8:      layout_cave_pools, old_standard_altar,
          nemelex_xobeh_ov_fountains_minmay, minmay_fractal_squares_diagonal_5
D:9:      layout_long_grid, tso_altar, erik_orc_4
D:10:     layout_grid_maze, erik_lair_orcish_takeover
Temple:   jpeg_temple_island

Skill      XL: |  1  2  3  4  5  6  7  8  9 10 |
---------------+-------------------------------+-----
Unarmed Combat | 4 5 6 8 10 11 12 | 12.4
Fighting       | 3 4 5 7 8 9 |  9.6
Invocations    | 3 5 |  5.1
Bows           | 6 |  6.0
Throwing       | |  2.1
Dodging        | |  2.1

Action                   |  1- 3 |  4- 6 |  7- 9 | 10-12 || total
-------------------------+-------+-------+-------+-------++-------
Melee: Unarmed           |    99 |   260 |   345 |   191 ||   895
       Kick              |    20 |    52 |   113 |    54 ||   239
       Punch             |     3 |     3 |    20 |     6 ||    32
 Fire: Shortbow          |       |       |       |    98 ||    98
Throw: Throwing net      |       |     2 |     3 |       ||     5
  Use: Scroll            |     4 |     2 |     6 |    10 ||    22
       Potion            |       |       |     2 |       ||     2
 Stab: Held in net/web   |       |       |     2 |       ||     2
  Eat: Chunk             |     2 |     7 |    10 |    10 ||    29
Armor: Leather armour    |    29 |       |       |       ||    29
       Ring mail         |       |   105 |    71 |    32 ||   208
       Plate armour      |       |       |       |    39 ||    39
Dodge: Dodged            |    33 |   129 |    85 |    52 ||   299
